 Dungeon Crawl Stone Soup version 0.28.0-43-g3370ac3207 (webtiles) character file.

Game seed: 8006694095331495078

98429 raph the Impaler (level 16, -14/119 (134) HPs)
             Began as a Merfolk Berserker on Mar 7, 2022.
             Was a High Priest of Trog.
             Demolished by an orc warlord
             ... wielding a +1 war axe of draining
              (50 damage)
             ... on level 2 of the Orcish Mines.
             The game lasted 00:46:04 (29895 turns).

raph the Impaler (Merfolk Berserker)               Turns: 29895, Time: 00:46:05

HP:   -14/119 (134) AC: 18    Str: 18    XL:     16   Next: 22%
MP:   7/7           EV: 24    Int: 17    God:    Trog [*****.]
Gold: 228           SH:  0    Dex: 21    Spells: 15/15 levels left

rFire   + + .      SeeInvis +   a - +1 glaive (drain)
rCold   + . .      Faith    .   (shield currently unavailable)
rNeg    . . .      Spirit   .   J - +0 acid dragon scales
rPois   .          Reflect  .   M - +2 helmet {SInv}
rElec   +          Harm     .   W - +1 cloak of Dawn {rElec rC+}
rCorr   +          Rampage  .   Z - +2 pair of gloves {Stlth+}
Will    +....                   L - +0 pair of boots of Cloud Cover {Int+6}
Stlth   +++++.....              I - amulet of regeneration
HPRegen 1.09/turn               T - ring of Discretion {Drain rElec rF+ MP-9 Int+5}
MPRegen 0.10/turn               C - ring "Ekhloy Co Ypp" {Wiz Contam rF+ rCorr}

@: heavily drained
A: (nimble swimmer 2), mertail
a: Renounce Religion, Berserk, Trog's Hand, Brothers in Arms


You were on level 2 of the Orcish Mines.
You worshipped Trog.
Trog was extremely pleased with you.
You visited 4 branches of the dungeon, and saw 20 of its levels.
You also visited: Sewer, Gauntlet, Ice Cave and Volcano.

You collected 2072 gold pieces.
You spent 1844 gold pieces at shops.

Inventory:

Hand Weapons
 a - a +1 glaive of draining (weapon)
 b - the +7 spear "Utyuteis" {freeze, rElec rC+ rN+ Str+4}
   (You bought it in a shop on level 1 of the Dungeon)

   It freezes those it strikes, dealing additional cold damage.
   It can also slow down cold-blooded creatures.
   Str:       It affects your strength (+4).
   rC:        It protects you from cold.
   rElec:     It insulates you from electricity.
   rN:        It protects you from negative energy.
 k - a +0 bardiche
 o - a +0 glaive of venom
 G - a +0 glaive
Missiles
 n - a curare-tipped dart (quivered)
 q - 40 poisoned darts
 A - 3 throwing nets
 S - 3 silver javelins
Armour
 J - +0 acid dragon scales (worn)
 L - the +0 pair of boots of Cloud Cover (worn) {Int+6}
   (You found it in a Gauntlet)

   Int:       It affects your intelligence (+6).
 M - a +2 helmet of see invisible (worn)
 W - the +1 cloak of Dawn (worn) {rElec rC+}
   (You bought it in a shop on level 10 of the Dungeon)

   rC:        It protects you from cold.
   rElec:     It insulates you from electricity.
 Z - a +2 pair of gloves of stealth (worn)
Jewellery
 e - an amulet of guardian spirit
 j - a ring of ice
 x - a ring of flight
 y - a ring of resist corrosion
 C - the ring "Ekhloy Co Ypp" (right hand) {Wiz Contam rF+ rCorr}
   (You found it in a Gauntlet)

   [ring of wizardry]

   It improves your spell success rate.
   rF:        It protects you from fire.
   Contam:    It causes magical contamination when unequipped.
   rCorr:     It protects you from acid and corrosion.
 H - a ring of ice
 I - an amulet of regeneration (around neck)
 Q - a ring of positive energy
 T - the ring of Discretion (left hand) {Drain rElec rF+ MP-9 Int+5}
   (You found it on level 6 of the Lair of Beasts)

   [ring of protection from fire]

   Int:       It affects your intelligence (+5).
   rF:        It protects you from fire.
   rElec:     It insulates you from electricity.
   MP:        It affects your magic capacity (-9).
   Drain:     It drains your maximum health when unequipped.
 Y - a ring of willpower
Wands
 z - a wand of flame (35)
 E - a wand of iceblast (11)
 P - a wand of paralysis (10)
Scrolls
 c - 2 scrolls of silence
 t - 3 scrolls of summoning
 B - 3 scrolls of fog
 F - a scroll of teleportation
 N - 3 scrolls of immolation
 U - 3 scrolls of magic mapping
Potions
 d - 4 potions of flight
 f - a potion of attraction
 g - 2 potions of invisibility
 h - 3 potions of haste {unknown}
 i - 5 potions of heal wounds
 m - 6 potions of curing
 p - 2 potions of ambrosia {unknown}
 r - 4 potions of brilliance
 s - 3 potions of might
 v - a potion of mutation {unknown}
 w - 3 potions of lignification
 D - 2 potions of resistance
 K - 5 potions of cancellation
 X - a potion of experience {unknown}
Miscellaneous
 l - a phial of floods
 R - a box of beasts


   Skills:
 + Level 14.8 Fighting
 * Level 18.8 Polearms
 + Level 9.9 Throwing
 + Level 8.2 Armour
 + Level 17.2 Dodging
 - Level 9.7 Stealth
 - Level 4.7 Shields
 - Level 4.4 Evocations


You had 15 spell levels left.
You didn't know any spells.
Your spell library was empty.

Dungeon Overview and Level Annotations

Branches:
Dungeon (11/15)            Temple (1/1) D:5            Lair (6/6) D:8
 Shoals (0/4) Lair:4       Spider (0/4) Lair:4        Slime (0/5) Lair:5
    Orc (2/2) D:11            Elf (0/3) Orc:2         Sewer (visited)
  IceCv (visited)         Volcano (visited)         Gauntlet (visited)

Altars:
Gozag
Nemelex Xobeh
Qazlal
Uskayaw
Xom
Zin
Beogh
Jiyva

Shops:
D:1 *   D:3 :   D:10 [=   Orc:1 ***   Orc:2 =[(**

Annotations:
D:4 3 runed translucent doors, diceflayer's ghost, novice NaFi
Lair:1 1 runed translucent door, jazmu's ghost, journeyman GrGl


Innate Abilities, Weirdness & Mutations

((You are very nimble when in or above water. (Stealth+, EV+, Speed+++)))
Your lower body shifts to a powerful aquatic tail in water.


Message History

The orc warlord goes into a battle-frenzy!
The orc warlord hits you with a +1 war axe of draining!
You feel drained.
You slash the orc warlord!
The orc warlord is lightly wounded.
The orc warlord hits you with a +1 war axe of draining!!
You feel drained.
You slice the orc warlord!! You drain the orc warlord.
The orc warlord is heavily wounded.
The orc warlord hits you with a +1 war axe of draining!!
You feel drained.
You are too injured to fight recklessly!
You are too injured to fight recklessly!
You are too injured to fight recklessly!
You are too injured to fight recklessly!
You are too injured to fight recklessly!
You are too injured to fight recklessly!
You are too injured to fight recklessly!
You are too injured to fight recklessly!
You are too injured to fight recklessly!
You are too injured to fight recklessly!
You are too injured to fight recklessly!
You are too injured to fight recklessly!
You are too injured to fight recklessly!
You are too injured to fight recklessly!
You are too injured to fight recklessly!
You are too injured to fight recklessly!
You see here a +0 giant club.
Things that are here:
a +0 trident; a +0 trident; a +0 chain mail
Items here: ( ) [ †.
You recover from your berserk rage.
Items here: )) [[.
As you read the scroll of summoning, it crumbles to dust.
Wisps of shadow whirl around you...
Your orc wizard dissolves into shadows!
The orc knight hits you with a +0 war axe!
The orc knight closely misses your orc.
The orc warlord hits you with a +1 war axe of draining!!!
You die...

.###....)).............
##....###...#.........
##
#....###....)..........
#.
##.####....))..#.......
#. ### #.....)).....#..
#. #...#.)#.......# #.#
##.######..##.## # ##
##$h>C..# # #o)@##.##
## ###o)oo# # #..
#....)o######...
###.o.....#.#.....
#..$.....).........
..........((.......
............<.......
#.....###........... .
#..... ##........#


You could see an orc warlord (strong, drained), an orc knight (strong, ally
target), a friendly cyclops (summoned, wandering), a friendly warg (summoned), a
friendly orc warrior (summoned) and 3 friendly orcs.

Vanquished Creatures
  A minotaur (Gauntlet)
  2 dire elephants (Lair:5)
  Snorg (Lair:4)
  Fannar (D:10)
  6 boulder beetles
  3 hydras
  Harold (D:7)
  A merfolk avatar (Lair:6)
  Erica (D:10)
  A dancing weapon (Volcano)
  A two-headed ogre (D:11)
  9 death yaks
  An orc high priest (Orc:2)
  4 skeletal warriors (D:10)
  3 sixfirhies (Gauntlet)
  2 sea snakes (Lair:6)
  4 wizards (Volcano)
  2 orc knights (Orc:2)
  2 harpies (Lair:5)
  2 lindwurms (Lair:6)
  An ugly thing (D:11)
  2 orc sorcerers (Orc:2)
  3 manticores
  A cyclops (D:11)
  51 elephants
  5 toenail golems (Volcano)
  Joseph (D:7)
  6 black mambas
  A gargoyle (D:10)
  2 ice statues (IceCv)
  A torpor snail (Lair:6)
  16 cane toads
  A kobold demonologist (D:11)
  Psyche (D:8)
  4 rime drakes
  11 komodo dragons
  2 entropy weaver simulacra (IceCv)
  6 ice devils (IceCv)
  3 hornets
  2 wind drakes (Lair:6)
  7 trolls
  5 polar bears
  37 blink frogs
  4 dream sheep (Lair:6)
  4 flying skulls (Gauntlet)
  3 shadows
  A centaur simulacrum (Gauntlet)
  A spriggan (Lair:4)
  Sigmund (D:5)
  60 yaks
  4 wyverns
  4 basilisks
  Grum (D:8)
  A steam dragon (Lair:6)
  4 vampire mosquitoes (D:11)
  Menkaure (D:7)
  An acid dragon (D:10)
  A warg (Orc:2)
  A harpy simulacrum (IceCv)
  14 water moccasins
  3 ice beasts
  27 orc warriors
  2 sky beasts
  5 black bears
  8 centaurs
  14 wolves
  9 ogres
  A necrophage (D:8)
  2 kobold brigands (D:7)
  13 bullfrogs
  A scorpion (D:5)
  3 cane toad simulacra
  2 wyvern zombies
  A wyvern skeleton (D:7)
  12 killer bees
  2 elephant simulacra (IceCv)
  2 electric eels (Lair:1)
  4 howler monkeys
  4 centaur zombies
  A wyvern simulacrum (Gauntlet)
  13 orc priests
  7 hounds
  A bullfrog skeleton (D:5)
  2 iguanas
  16 orc wizards
  2 troll simulacra (IceCv)
  2 polar bear simulacra
  2 spriggan simulacra (IceCv)
  A howler monkey zombie (D:9)
  A howler monkey skeleton (D:4)
  4 naga simulacra (IceCv)
  14 adders
  7 river rats
  A shadow imp (D:6)
  2 white imps (IceCv)
  4 ufetubi (IceCv)
  2 worms (D:2)
  3 dart slugs
  41 orcs
  24 ball pythons
  2 bats (D:1)
  7 endoplasms
  A giant cockroach (D:1)
  3 goblins
  5 hobgoblins
  8 jackals
  4 quokkas
  3 frilled lizards
  13 kobolds
  22 rats
656 creatures vanquished.

Vanquished Creatures (collateral kills)
  A wizard (Volcano)
  A cane toad (Lair:6)
2 creatures vanquished.

Vanquished Creatures (others)
  122 fungi
  108 plants
  4 withered plants (Gauntlet)
234 creatures vanquished.

Grand Total: 892 creatures vanquished

Notes
Turn   | Place    | Note
-------+----------+-------------------------------------------
     0 | D:1      | raph the Merfolk Berserker began the quest for the Orb.
     0 | D:1      | Reached XP level 1. HP: 18/18 MP: 1/1
     6 | D:1      | Noticed a hound
     6 | D:1      | Noticed a polar bear
     6 | D:1      | Noticed a rime drake
     6 | D:1      | Noticed a snapping turtle
   251 | D:1      | Reached skill level 5 in Polearms
   253 | D:1      | Reached XP level 2. HP: 24/24 MP: 2/2
   457 | D:1      | Found Juinwoh's Assorted Antiques.
   549 | D:1      | Found a faded altar of an unknown god.
   794 | D:1      | Reached skill level 6 in Polearms
   794 | D:1      | Reached XP level 3. HP: 26/29 MP: 3/3
   897 | D:1      | Bought a scroll labelled TOP UNIWUMY for 26 gold pieces
  1695 | D:2      | Reached skill level 7 in Polearms
  1695 | D:2      | Reached XP level 4. HP: 35/35 MP: 4/4
  2184 | D:3      | Found Lempin's Book Shoppe.
  2771 | D:3      | Reached ** piety under Trog
  3055 | D:4      | Reached skill level 8 in Polearms
  3219 | D:4      | Found a runed translucent gate.
  3219 | D:4      | Found a runed translucent gate.
  3221 | D:4      | Found a runed translucent gate.
  3222 | D:4      | Noticed diceflayer's ghost (novice NaFi)
  3223 | D:4      | Identified the +1 whip of Egaed {vorpal, rF+ Str+3 Dex-3
                  | SInv}
  3247 | D:4      | Reached XP level 5. HP: 41/41 MP: 5/5
  3485 | D:4      | Reached skill level 9 in Polearms
  3970 | D:5      | Entered Level 5 of the Dungeon
  4024 | D:5      | Reached XP level 6. HP: 45/47 MP: 6/6
  4050 | D:5      | Noticed an ice beast
  4108 | D:5      | Killed an ice beast
  4109 | D:5      | Reached skill level 10 in Polearms
  4383 | D:5      | Noticed a water moccasin
  4392 | D:5      | Killed a water moccasin
  4393 | D:5      | Reached skill level 11 in Polearms
  4393 | D:5      | Reached XP level 7. HP: 52/52 MP: 7/7
  4837 | D:5      | Found a glowing silver altar of Zin.
  4854 | D:5      | Reached skill level 12 in Polearms
  5190 | D:1      | Bought a crystal spear for 208 gold pieces
  5190 | D:1      | Identified the +7 spear "Utyuteis" {freeze, rElec rC+ rN+
                  | Str+4} (You bought it in a shop on level 1 of the Dungeon)
  5281 | D:5      | Found a staircase to the Ecumenical Temple.
  5283 | D:5      | Noticed Sigmund
  5292 | Temple   | Entered the Ecumenical Temple
  5338 | D:5      | Killed Sigmund
  5339 | D:5      | Reached skill level 1 in Stealth
  5339 | D:5      | Reached XP level 8. HP: 60/60 MP: 8/8
  5998 | D:6      | Reached skill level 5 in Dodging
  6093 | D:6      | Reached skill level 5 in Fighting
  6284 | D:6      | Found a glowing drain.
  6290 | Sewer    | Entered a sewer
  6930 | D:6      | Reached XP level 9. HP: 69/69 MP: 9/9
  7132 | D:6      | Found a shimmering altar of Xom.
  7187 | D:6      | Found a sparkling altar of Nemelex Xobeh.
  7188 | D:6      | Found a stormy altar of Qazlal.
  7359 | D:6      | Reached *** piety under Trog
  7748 | D:7      | Noticed Menkaure
  7759 | D:7      | Killed Menkaure
  7949 | D:7      | Reached skill level 1 in Throwing
  8278 | D:7      | Found an opulent altar of Gozag.
  8315 | D:7      | Noticed Joseph
  8330 | D:7      | Killed Joseph
  8331 | D:7      | Reached skill level 1 in Shields
  8332 | D:7      | Noticed Harold
  8434 | D:7      | Reached skill level 5 in Stealth
  8458 | D:7      | Found a hide-covered altar of Uskayaw.
  8468 | D:7      | Reached XP level 10. HP: 80/80 MP: 10/10
  9186 | D:7      | Killed Harold
  9630 | D:8      | Noticed a boulder beetle
  9636 | D:8      | Paralysed by a hornet for 1 turns
  9647 | D:7      | Paralysed by a hornet for 2 turns
 10152 | D:8      | Noticed Grum
 10165 | D:8      | Killed Grum
 10175 | D:8      | Noticed Psyche
 10253 | D:8      | Reached skill level 10 in Dodging
 10463 | D:8      | Killed a boulder beetle
 10521 | D:8      | Killed Psyche
 10522 | D:8      | Reached XP level 11. HP: 89/89 MP: 11/11
 11000 | D:8      | Found a staircase to the Lair.
 11667 | D:9      | Identified the +6 long sword of Gosuur {vorpal, +Blink}
 11846 | D:10     | Entered Level 10 of the Dungeon
 11863 | D:10     | Noticed Fannar
 11885 | D:10     | Killed Fannar
 12108 | D:10     | Found Sevvagg's Jewellery Shoppe.
 12179 | D:10     | Bought an amulet of regeneration for 300 gold pieces
 12989 | D:10     | Noticed Erica
 12996 | D:10     | Killed Erica
 13251 | D:10     | Noticed a skeletal warrior
 13252 | D:10     | Noticed a skeletal warrior
 13252 | D:10     | Noticed a skeletal warrior
 13267 | D:10     | Killed a skeletal warrior
 13287 | D:10     | Killed a skeletal warrior
 13288 | D:10     | Reached skill level 10 in Fighting
 13528 | D:10     | Found Boenacler's Antique Armour Shop.
 13647 | D:10     | Noticed a skeletal warrior
 13662 | D:10     | Killed a skeletal warrior
 13843 | D:10     | Killed a skeletal warrior
 13981 | Lair:1   | Entered Level 1 of the Lair of Beasts
 14029 | Lair:1   | Reached skill level 5 in Armour
 14029 | Lair:1   | Reached XP level 12. HP: 99/99 MP: 12/12
 14130 | Lair:1   | Reached skill level 5 in Throwing
 14381 | Lair:1   | Noticed a four-headed hydra
 14395 | Lair:1   | Killed a four-headed hydra
 14612 | Lair:1   | Found a runed translucent door.
 14612 | Lair:1   | Noticed jazmu's ghost (journeyman GrGl)
 15050 | Lair:1   | Reached skill level 1 in Evocations
 15350 | Lair:2   | Reached **** piety under Trog
 15522 | Lair:2   | Found a frozen archway.
 15541 | Lair:2   | Reached XP level 13. HP: 88/107 MP: 13/13
 15597 | IceCv    | Entered an ice cave
 16009 | IceCv    | Reached skill level 13 in Polearms
 16616 | IceCv    | Noticed a reaper
 17511 | Lair:3   | Found a gate leading to a gauntlet.
 17521 | Gauntlet | Entered a Gauntlet
 17521 | Gauntlet | Found a transporter.
 17521 | Gauntlet | Found a runed translucent door.
 17531 | Gauntlet | Found a runed translucent door.
 17533 | Gauntlet | Found a transporter.
 17536 | Gauntlet | Found a transporter.
 17537 | Gauntlet | Found a transporter.
 17545 | Gauntlet | Found a transporter.
 17548 | Gauntlet | Found a transporter.
 17549 | Gauntlet | Found a transporter.
 17555 | Gauntlet | Found a runed translucent gate.
 17555 | Gauntlet | Found a runed translucent gate.
 17557 | Gauntlet | Found a transporter.
 17560 | Gauntlet | Found a transporter.
 17561 | Gauntlet | Found a transporter.
 17565 | Gauntlet | Found a runed translucent door.
 17568 | Gauntlet | Found a runed translucent gate.
 17569 | Gauntlet | Found a transporter.
 17571 | Gauntlet | Found a runed translucent door.
 17572 | Gauntlet | Found a transporter.
 17573 | Gauntlet | Found a transporter.
 17578 | Gauntlet | Noticed a reaper
 17581 | Gauntlet | Found a transporter.
 17681 | Gauntlet | Identified the ring "Ekhloy Co Ypp" {Wiz Contam rF+ rCorr}
 17708 | Gauntlet | Identified the +0 pair of boots of Cloud Cover {Int+6}
 18111 | Gauntlet | Noticed a minotaur
 18123 | Gauntlet | Killed a minotaur
 19159 | Lair:4   | Found a hole to the Spider Nest.
 19231 | Lair:4   | Found a staircase to the Shoals.
 19380 | Lair:4   | Noticed Snorg
 19389 | Lair:4   | Killed Snorg
 19390 | Lair:4   | Reached skill level 15 in Dodging
 20104 | Lair:5   | Reached XP level 14. HP: 108/118 MP: 14/14
 20202 | Lair:5   | Reached ***** piety under Trog
 20219 | Lair:5   | Found a staircase to the Slime Pits.
 20461 | Lair:4   | Reached skill level 14 in Polearms
 20957 | Lair:5   | Noticed a dire elephant
 20981 | Lair:5   | Killed a dire elephant
 21036 | Lair:5   | Found a viscous altar of Jiyva.
 21460 | Lair:5   | Reached skill level 15 in Polearms
 22309 | Lair:6   | Entered Level 6 of the Lair of Beasts
 23043 | Lair:6   | Reached skill level 16 in Polearms
 23113 | Lair:5   | Reached XP level 15. HP: 123/125 MP: 15/15
 24141 | Lair:6   | Reached skill level 17 in Polearms
 24781 | Lair:6   | Identified the ring of Discretion {Drain rElec rF+ MP-9
                  | Int+5}
 25743 | D:10     | Bought a pair of gloves for 157 gold pieces
 25743 | D:10     | Bought a transparent cloak for 332 gold pieces
 25743 | D:10     | Identified the +1 cloak of Dawn {rElec rC+} (You bought it
                  | in a shop on level 10 of the Dungeon)
 25843 | D:11     | Received a gift from Trog
 25908 | D:11     | Found a staircase to the Orcish Mines.
 26023 | D:11     | Reached skill level 18 in Polearms
 26676 | Orc:1    | Entered Level 1 of the Orcish Mines
 26724 | Orc:1    | Found Ibenav's Specific Store.
 26729 | Orc:1    | Found Ifrio's General Store.
 26738 | Orc:1    | Bought a potion of berserk rage for 75 gold pieces
 26913 | Orc:1    | Found Ecomir's Mayhem Merchandise.
 26937 | Orc:1    | Found a dark tunnel.
 26946 | Volcano  | Entered a volcano
 27006 | Volcano  | Reached XP level 16. HP: 134/134 MP: 7/16
 27560 | Orc:2    | Entered Level 2 of the Orcish Mines
 27913 | Orc:2    | Found a staircase to the Elven Halls.
 28659 | Orc:2    | Found Yrariugo's General Store.
 28667 | Orc:2    | Bought a potion of cancellation for 120 gold pieces
 29466 | Orc:2    | Found Batt's Antique Weapon Boutique.
 29473 | Orc:2    | Found Rydoca Myih's General Store.
 29483 | Orc:2    | Bought a scroll of identify for 32 gold pieces
 29510 | Orc:2    | Bought a runed glaive for 294 gold pieces
 29518 | Orc:2    | Found Yteivvut's Jewellery Boutique.
 29534 | Orc:2    | Found Uhusor's Antique Armour Boutique.
 29543 | Orc:2    | Bought a glowing cloak for 300 gold pieces
 29895 | Orc:2    | Demolished by an orc warlord

Illustrated notes

Levels and vault maps discovered:
D:1:      onia_arrival_zoo_common, layout_basic, basic_ecumenical_altar,
          serial_shops, shop_fountains
D:2:      layout_rooms, corner_web_ring
D:3:      layout_loops_cross, serial_shops,
          nicolae_shop_temple_entry_statues_fountains
D:4:      layout_basic, biasface_ghost_orc_armoury
D:5:      layout_basic, amcnicky_altar_gilded, minmay_temple_entry_grid,
          uniq_sigmund
D:6:      layout_loops_ring, mainiacjoe_overflow_catwalk,
          mainiacjoe_overflow_catch_the_wave, portal_sewer_entry_e,
          minmay_misc_feat_cross
D:7:      layout_rooms, mainiacjoe_overflow_surrounded_room,
          nicolae_uskayaw_dance_studio, uniq_harold, uniq_menkaure, uniq_joseph
D:8:      layout_cave_pools, lair_entry_dummy, kennysheep_generic_room_15,
          uniq_psyche, uniq_grum
D:9:      layout_roguey
D:10:     layout_loops_corners, serial_shops, shop, kennysheep_mini,
          uniq_fannar, uniq_erica
D:11:     layout_loops_corners, orc_0_dummy, kennysheep_potato
Temple:   eino_temple_scatter_basement
Lair:1:   layout_hall_layers, ebering_ghost_reflecting_pool, fungi_pond_lemuel,
          beast_lair_carwin_4, grunt_megastairs_5
Lair:2:   layout_roguey, portal_ice_cave_entry_ice_simulacra, grunt_megastairs_2
Lair:3:   layout_regular_city, gauntlet_entry_generic
Lair:4:   layout_cave_pods, minmay_shoals_entry_centaurs, dummy_spider_entry,
          infiniplex_staircase_pool_2, grunt_megastairs_1, uniq_snorg
Lair:5:   mu_elephants_graveyard, layout_long_grid, slime_altar_1
Lair:6:   gammafunk_lair_ancient_temple, layout_regular_city
Orc:1:    layout_caves, nicolae_volcano_entry_two_sided, minmay_shop_mayhem,
          nicolae_specific_store
Orc:2:    grunt_orc_cross, layout_diamond_mine, serial_shops, shop,
          statue_in_the_mist_lemuel

Skill      XL: |  1  2  3  4  5  6  7  8  9 10 11 12 13 14 15 |
---------------+----------------------------------------------+-----
Polearms       | 5 6 7 8 9 11 12 13 16 18 | 18.8
Dodging        | 3 6 8 10 12 13 15 16 17 | 17.2
Fighting       | 4 6 7 9 10 11 13 14 | 14.8
Stealth        | 1 3 5 6 7 8 9 |  9.7
Armour         | 2 3 4 5 6 7 8 |  8.2
Throwing       | 1 3 4 6 7 8 9 |  9.9
Shields        | 1 3 4 |  4.7
Evocations     | 2 4 |  4.4

Action                   |  1- 3 |  4- 6 |  7- 9 | 10-12 | 13-15 | 16-18 || total
-------------------------+-------+-------+-------+-------+-------+-------++-------
Melee: Spear             |   117 |   136 |   281 |   624 |   553 |       ||  1711
       Punch             |     2 |     2 |     2 |       |     1 |       ||     7
       Tailslap          |       |       |     3 |       |    15 |       ||    18
       Glaive            |       |       |       |       |   942 |   210 ||  1152
Throw: Dart              |       |       |       |    16 |    13 |       ||    29
       Javelin           |       |       |       |       |    19 |    19 ||    38
Invok: Berserk           |     4 |     7 |    13 |    24 |    32 |     4 ||    84
       Trog's Hand       |       |     1 |     1 |     5 |     7 |       ||    14
       Brothers in Arms  |       |       |       |       |     3 |     1 ||     4
Evoke: Wand              |       |       |       |       |     3 |       ||     3
       Phial of floods   |       |       |       |       |     1 |       ||     1
  Use: Scroll            |     3 |     5 |     8 |     6 |    10 |     2 ||    34
       Potion            |       |       |       |       |     5 |       ||     5
 Stab: Sleeping          |       |       |       |     5 |    29 |     1 ||    35
       Distracted        |       |       |       |     2 |     3 |       ||     5
Armor: Ring mail         |    21 |    19 |       |       |       |       ||    40
       Chain mail        |       |    25 |    43 |    28 |       |       ||    96
       Acid dragon scale |       |       |       |    23 |   340 |    32 ||   395
Dodge: Dodged            |    39 |    55 |    57 |   130 |  1405 |   145 ||  1831
Block: Buckler           |       |       |     5 |    89 |   103 |       ||   197
